 Dungeon Crawl Stone Soup version 0.18-a0-1343-g48c8f86 (webtiles) character file.

89254 glosham the Spry (level 16, -13/96 HPs)
             Began as a Kobold Monk on Feb 15, 2016.
             Was the Champion of Ashenzari.
             Blown up by an orb spider (54 damage)
             ... with an orb of destruction
             ... on level 1 of the Spider Nest on Feb 16, 2016.
             The game lasted 08:27:01 (23721 turns).

glosham the Spry (Kobold Monk)                     Turns: 23721, Time: 08:27:01

Health: -13/96     AC: 14    Str: 11    XL:     16   Next: 43%
Magic:  28/28      EV: 34    Int: 16    God:    Ashenzari [******]
Gold:   1104       SH:  0    Dex: 22    Spells: 0 memorised, 15 levels left

rFire  + . .     SeeInvis +     c - +6 blowgun
rCold  . . .     Gourm    .     X - troll hide (curse)
rNeg   . . .     Faith    .     (shield restricted)
rPois  +         Spirit   .     U - +2 helmet (curse)
rElec  .         Dismiss  .     Y - +2 cloak {rPois} (curse)
rCorr  .         Reflect  .     V - +1 pair of gloves (curse)
SustAt .         Harm     .     W - +2 pair of boots (curse)
MR     +++..     Clarity  +     (no amulet)
Stlth  ++++......               B - +3 ring of dexterity
                                A - ring of the Mage {Wiz MR++ Int+3} (curse)

@: extremely resistant to hostile enchantments, stealthy
A: icy blue scales 1, carnivore 3, fire resistance 1, frail 1
a: Curse Item, Scrying, Transfer Knowledge, Renounce Religion


You were on level 1 of the Spider Nest.
You worshipped Ashenzari.
Ashenzari was exalted by your worship.
You were very full.

You visited 4 branches of the dungeon, and saw 24 of its levels.

You collected 2146 gold pieces.
You spent 1042 gold pieces at shops.

Inventory:

Hand Weapons
 b - the +7 hunting sling of Sicluza {speed, rF++ Int+4}
   (You found it on level 2 of the Lair of Beasts)

   Attacks with this weapon are significantly faster.
   It affects your intelligence (+4).
   It greatly protects you from fire.
 c - a +6 blowgun (weapon)
Missiles
 e - 147 sling bullets
 f - 514 stones
 q - 37 poisoned needles (quivered)
Armour
 o - a +0 robe of the Archmagi
 U - a cursed +2 helmet (worn)
 V - a cursed +1 pair of gloves (worn)
 W - a cursed +2 pair of boots (worn)
 X - a cursed troll hide (worn)
 Y - a cursed +2 cloak of poison resistance (worn)
Rods
 w - a +1 iron rod (11/11)
   (You found it on level 2 of the Lair of Beasts)
Jewellery
 A - the cursed ring of the Mage (left hand) {Wiz MR++ Int+3}
   (You found it on level 8 of the Lair of Beasts)

   [ring of wizardry]

   It improves your spell success rate.
   It affects your intelligence (+3).
   It affects your resistance to hostile enchantments.
   It has a curse placed upon it.
 B - a +3 ring of dexterity (right hand)
 C - an uncursed ring of ice
 D - the ring of Levity {rElec rF++ Int+2 SInv Stlth+}
   (You bought it in a shop on level 12 of the Dungeon)

   [ring of stealth]

   It affects your intelligence (+2).
   It greatly protects you from fire.
   It insulates you from electricity.
   It lets you see invisible.
   It makes you more stealthy.
 M - an uncursed ring of protection from magic
 N - an uncursed ring of positive energy
 S - an uncursed ring of sustain attributes
Wands
 g - a wand of heal wounds (6/9)
 h - a wand of teleportation (3/9)
 i - a wand of digging (6/24)
 j - a wand of disintegration (14/24)
 z - a wand of polymorph (10/24)
 H - a wand of paralysis (7/24)
 J - a wand of lightning (6/15)
 L - a wand of flame (3/48)
Scrolls
 k - 8 scrolls of teleportation
 l - 3 scrolls of blinking
 m - 2 scrolls of fog
 n - a scroll of immolation
Potions
 r - 3 potions of heal wounds
 s - 5 potions of curing
 t - 5 potions of resistance
 u - 4 potions of might
 v - 2 potions of flight
 x - a potion of invisibility
 F - 2 potions of agility
 G - 2 potions of lignification
Miscellaneous
 y - a lamp of fire
 E - a phial of floods
 R - a phantom mirror
Comestibles
 a - 10 meat rations


   Skills:
 * Level 14.5 Fighting
 - Level 2.0 Armour
 * Level 16.4(20.2) Dodging
 - Level 2.6(6.3) Stealth
 * Level 14.5 Unarmed Combat
 * Level 16.0 Evocations


You had 15 spell levels left.
You didn't know any spells.

Dungeon Overview and Level Annotations

Branches:
Dungeon (13/15)            Temple (0/1) D:6            Lair (8/8) D:9
  Swamp (0/4) Lair:3       Spider (1/4) Lair:6        Slime (0/6) Lair:7
    Orc (2/2) D:9             Elf (0/3) Orc:2
 Vaults: D:13-14

Altars:
Ashenzari
Cheibriados
Dithmenos
Elyvilon
Qazlal
Ru
Sif Muna
Trog
Xom
The Shining One
Jiyva

Shops:
D:8 [   D:12 =   Orc:2 (*=(

Annotations:
Orc:1 exclusion: downstairs
Orc:2 !, Azrael


Innate Abilities, Weirdness & Mutations

You are small and have problems with some larger weapons.
You are carnivorous and can eat meat at any time.
You are partially covered in icy blue scales (AC +1).
Your flesh is heat resistant.
You are frail (-10% HP).


Message History

You shoot a poisoned needle.
The poisoned needle hits the wolf spider!
The wolf spider looks even sicker.
The wolf spider is lightly wounded.
The orb spider pulsates with a strange energy.
The jumping spider leaps!
The orb spider weaves a glowing orb of energy.
An orb of destruction comes into view.
You are now empty-handed.
You hit the wolf spider.
The wolf spider is almost dead.
The wolf spider hits you. The wolf spider bites you!
You punch the wolf spider!
You kill the wolf spider!
Your Evocations skill increases to level 16!
The orb of destruction hits you!
Wield which item (- for none, * to show all)? (? for menu, Esc to quit)
c - a +6 blowgun (weapon)
Firing (i - inventory. (,) - cycle):
q - 40 poisoned needles (quivered)
Press: ? - help, Shift-Dir - straight line, f - orb spider
Aim: an orb spider You shoot a poisoned needle.
The poisoned needle hits the orb spider!
The orb spider is poisoned.
The orb spider begins to weave its threads into a brightly glowing ball.
Firing (i - inventory. (,) - cycle):
q - 39 poisoned needles (quivered)
Press: ? - help, Shift-Dir - straight line, f/p - orb spider
Aim: an orb spider (lightly wounded, poisoned)
You shoot a poisoned needle.
The poisoned needle closely misses the orb spider.
Firing (i - inventory. (,) - cycle):
q - 38 poisoned needles (quivered)
Press: ? - help, Shift-Dir - straight line, f/p - orb spider
Aim: an orb spider (lightly wounded, poisoned)
You shoot a poisoned needle.
The poisoned needle barely misses the orb spider.
The orb spider weaves a glowing orb of energy.
An orb of destruction comes into view.
The orb of destruction hits you!
Ouch! That really hurt!
You die...

* ,, ,,,,
#.##.....#.##....####..
*, ..
,#s......†.####.### #.#
, ,(s. #........# #.#
##.. , ,
....,##..(.....#
#.#####... ,
,..(.##....s....#
##.......# ,
...(..##.s.§...#
#........# **
*#.....#....§..##
#........# *
,,.#.........§..#
###^.....#.# ,
,......((...@.##
#......#.... **
...###########
##....###..# ***.#
#####..#### * * *###


You could see an orb spider and 2 jumping spiders.

Vanquished Creatures
  Rupert (D:12)
  Gastronok (Lair:3)
  Maud (Orc:2)
  Nessos (D:12)
  Snorg (Lair:6)
  10 hydras
  2 catoblepae
  Erolcha (D:8)
  2 centaur warriors (D:13)
  Erica (D:8)
  3 ogre magi (Orc:2)
  A fire crab (Lair:6)
  An unseen horror (D:12)
  Pikel (D:8)
  2 hill giants (D:13)
  2 orb spiders (Spider:1)
  An orc sorcerer (Orc:2)
  A deep elf mage (D:12)
  5 griffons (Lair:7)
  2 wolf spiders (Spider:1)
  4 cyclopes
  A manticore (Lair:7)
  3 elephants (Lair:7)
  The ghost of Amnesiac the Changer, a novice DrTm (D:4)
  2 gargoyles (D:13)
  7 black mambas
  A torpor snail (Spider:1)
  15 spiny frogs
  A centaur skeleton (D:12)
  An efreet (D:13)
  5 fire drakes
  10 komodo dragons
  2 spriggan druids (Lair:8)
  12 trolls
  8 polar bears (Lair:8)
  13 two-headed ogres
  2 jumping spiders (Spider:1)
  30 blink frogs
  4 slime creatures
  A tarantella (Lair:6)
  A shadow (D:11)
  6 redbacks
  12 spriggans
  9 wyverns
  A hill giant zombie (D:9)
  25 yaks
  3 fire elementals
  A steam dragon (Lair:8)
  13 basilisks
  13 hippogriffs
  2 hungry ghosts (D:9)
  4 vampire mosquitoes (Lair:3)
  4 wargs
  4 mottled dragons
  Grum (D:11)
  22 wolves
  A soldier ant (D:12)
  A hell hound (Lair:7)
  17 water moccasins
  13 porcupines
  4 slaves (D:8)
  13 orc warriors
  4 sky beasts
  3 phantoms
  3 ice beasts (D:9)
  2 necrophages
  2 wasps (Lair:8)
  5 black bears
  26 ogres
  15 centaurs
  22 crocodiles
  2 big kobolds
  20 giant frogs
  A gnoll sergeant (D:5)
  A wyvern zombie (D:13)
  2 scorpions
  2 troll zombies (D:9)
  5 killer bees (D:11)
  8 electric eels
  9 wights (D:10)
  7 crimson imps
  2 centaur zombies
  3 quasits
  2 giant frog zombies
  2 jellies
  19 orc priests
  2 giant frog skeletons
  4 hounds
  21 orc wizards
  9 iguanas
  2 hell rats (Lair:2)
  14 worker ants
  3 ogre zombies (D:9)
  24 sheep
  3 hound skeletons
  9 gnolls
  14 adders
  36 river rats
  3 shadow imps
  2 oozes (D:2)
  2 worms
  An adder skeleton (D:9)
  9 giant geckos
  64 orcs
  4 bats
  2 giant cockroaches
  11 goblins
  6 hobgoblins
  3 jackals
  6 quokkas
  A ball python (D:1)
  A giant gecko zombie (D:7)
  5 giant newts
  A goblin skeleton (D:9)
  3 goblin zombies (D:9)
  4 hobgoblin zombies (D:9)
  A jackal skeleton (D:7)
  22 kobolds
  2 orc skeletons (D:9)
  9 orc zombies (D:9)
  A quokka skeleton (D:5)
  13 rats
  A butterfly (Lair:3)
  2 fungi (Lair:7)
  4 plants
824 creatures vanquished.

Vanquished Creatures (others)
  10 fungi
  9 plants
19 creatures vanquished.

Grand Total: 843 creatures vanquished

Notes
Turn   | Place    | Note
--------------------------------------------------------------
     0 | D:1      | glosham the Kobold Monk began the quest for the Orb.
     0 | D:1      | Reached XP level 1. HP: 14/14 MP: 1/1
   195 | D:1      | Reached XP level 2. HP: 12/19 MP: 2/2
   598 | D:1      | Reached XP level 3. HP: 23/23 MP: 3/3
   722 | D:2      | Reached skill level 5 in Unarmed Combat
   802 | D:2      | Reached XP level 4. HP: 25/28 MP: 4/4
  1268 | D:3      | Reached skill level 6 in Unarmed Combat
  1268 | D:3      | Reached XP level 5. HP: 30/32 MP: 5/5
  1602 | D:3      | Found a shattered altar of Ashenzari.
  1790 | D:3      | Became a worshipper of Ashenzari the Shackled
  1790 | D:3      | Reached * piety under Ashenzari
  1790 | D:3      | Reached ** piety under Ashenzari
  2157 | D:3      | Reached XP level 6. HP: 19/37 MP: 6/6
  2179 | D:3      | HP: 3/37 [iguana (9)]
  2181 | D:3      | Reached skill level 7 in Unarmed Combat
  2518 | D:4      | Noticed Amnesiac's ghost (novice DrTm)
  2950 | D:5      | Entered Level 5 of the Dungeon
  3111 | D:5      | Found a deep blue altar of Sif Muna.
  3272 | D:5      | Reached XP level 7. HP: 41/41 MP: 7/7
  3428 | D:5      | Reached skill level 4 in Fighting
  3428 | D:5      | Reached skill level 8 in Unarmed Combat
  3695 | D:5      | Reached XP level 8. HP: 48/48 MP: 8/8
  3762 | D:5      | Found a sacrificial altar of Ru.
  3958 | D:6      | Reached skill level 2 in Evocations
  4048 | D:6      | Found a staircase to the Ecumenical Temple.
  4218 | D:6      | Reached skill level 3 in Evocations
  4310 | D:6      | Reached skill level 4 in Evocations
  4329 | D:6      | Found a bloodstained altar of Trog.
  4655 | D:3      | Reached skill level 5 in Evocations
  4838 | D:6      | Reached skill level 4 in Dodging
  4956 | D:6      | Reached skill level 5 in Dodging
  5009 | D:6      | Reached skill level 6 in Dodging
  5009 | D:6      | Reached XP level 9. HP: 53/53 MP: 13/13
  5103 | D:6      | Reached skill level 7 in Dodging
  5326 | D:6      | Reached skill level 5 in Fighting
  5368 | D:6      | Reached skill level 9 in Unarmed Combat
  5632 | D:7      | Got the uncursed leather armour "Maoch" {rElec rC+ Int-3}
  5643 | D:7      | Identified the +0 leather armour "Maoch" {rElec rC+ Int-3} (You found it on level 7 of the Dungeon)
  6239 | D:7      | Reached skill level 6 in Evocations
  6392 | D:8      | Found a shadowy altar of Dithmenos.
  6464 | D:8      | Found a white marble altar of Elyvilon.
  6465 | D:8      | Found a stormy altar of Qazlal.
  6471 | D:8      | Found a snail-covered altar of Cheibriados.
  6496 | D:8      | Noticed Erica
  6507 | D:8      | Gained mutation: You are partially covered in icy blue scales (AC +1). [potion of mutation]
  6507 | D:8      | Gained mutation: You expend magic power (3 MP) to strengthen your wands. [potion of mutation]
  6507 | D:8      | Gained mutation: You are somewhat resistant to further mutation. [potion of mutation]
  6508 | D:8      | Lost mutation: You are somewhat resistant to further mutation. [potion of cure mutation]
  6508 | D:8      | Lost mutation: You expend magic power (3 MP) to strengthen your wands. [potion of cure mutation]
  6516 | D:8      | Killed Erica
  6516 | D:8      | Reached skill level 9 in Evocations
  6516 | D:8      | Reached XP level 10. HP: 56/60 MP: 14/16
  6564 | D:8      | Found a glowing golden altar of the Shining One.
  6568 | D:8      | Found a shimmering altar of Xom.
  6617 | D:8      | Reached skill level 6 in Fighting
  6670 | D:8      | Reached *** piety under Ashenzari
  6763 | D:8      | Found Voghoit's Armour Shop.
  6841 | D:8      | Noticed Erolcha
  6929 | D:8      | Reached skill level 8 in Dodging
  7072 | D:8      | Reached skill level 7 in Fighting
  7183 | D:8      | Noticed Pikel
  7218 | D:8      | Killed Pikel
  7218 | D:8      | Reached skill level 9 in Dodging
  7373 | D:8      | Paralysed by Erolcha for 5 turns
  7379 | D:8      | Killed Erolcha
  7379 | D:8      | Reached skill level 8 in Fighting
  7623 | D:4      | Killed Amnesiac's ghost
  7898 | D:9      | Identified the Reference Book on Enchantment
  8053 | D:9      | Found a staircase to the Lair.
  8077 | D:9      | Reached XP level 11. HP: 66/69 MP: 17/17
  8219 | D:9      | Reached skill level 10 in Dodging
  8253 | D:9      | Found a staircase to the Orcish Mines.
  8408 | D:9      | Reached skill level 9 in Fighting
  9013 | D:9      | Reached skill level 10 in Evocations
  9182 | Lair:1   | Entered Level 1 of the Lair of Beasts
  9432 | Lair:1   | Upgraded the game from 0.18-a0-1312-gf98331d to 0.18-a0-1323-g706dcef
  9731 | Lair:1   | Reached skill level 11 in Dodging
  9787 | Lair:1   | Reached skill level 10 in Unarmed Combat
  9852 | Lair:1   | Noticed an eight-headed hydra
  9856 | Lair:1   | Killed an eight-headed hydra
  9856 | Lair:1   | Reached skill level 10 in Fighting
 10015 | Lair:1   | Reached XP level 12. HP: 64/77 MP: 20/20
 10168 | Lair:1   | Reached skill level 11 in Evocations
 10928 | Lair:2   | Reached **** piety under Ashenzari
 10967 | Lair:2   | Got the hunting sling of Sicluza {speed, rF++ Int+4}
 10968 | Lair:2   | Identified the +7 hunting sling of Sicluza {speed, rF++ Int+4} (You found it on level 2 of the Lair of Beasts)
 11491 | Lair:3   | Reached skill level 12 in Dodging
 11550 | Lair:3   | Found a staircase to the Swamp.
 11651 | Lair:3   | Noticed a six-headed hydra
 11653 | Lair:3   | Killed a six-headed hydra
 11658 | Lair:3   | Noticed Gastronok
 11700 | Lair:3   | Reached skill level 11 in Unarmed Combat
 11722 | Lair:3   | Killed Gastronok
 11722 | Lair:3   | Reached skill level 11 in Fighting
 11801 | Lair:1   | Reached skill level 12 in Evocations
 11996 | Lair:3   | Reached XP level 13. HP: 73/84 MP: 22/22
 12060 | Lair:3   | Noticed a six-headed hydra
 12080 | Lair:3   | Killed a six-headed hydra
 12366 | Lair:4   | Noticed an eight-headed hydra
 12381 | Lair:4   | Killed an eight-headed hydra
 12587 | Lair:4   | Reached skill level 13 in Dodging
 13115 | Lair:4   | Noticed a catoblepas
 13158 | Lair:4   | Killed a catoblepas
 13238 | Lair:4   | Reached skill level 13 in Evocations
 13399 | Lair:5   | Noticed a six-headed hydra
 13405 | Lair:5   | Killed a six-headed hydra
 13905 | Lair:5   | Reached skill level 12 in Unarmed Combat
 14060 | Lair:5   | Reached ***** piety under Ashenzari
 14168 | Lair:5   | Reached skill level 12 in Fighting
 14455 | D:9      | Drew Focus: Dex increased to 19, Str decreased to 10
 14456 | D:9      | Gained mutation: You are frail (-10% HP). [helix card]
 14490 | Orc:1    | Entered Level 1 of the Orcish Mines
 14691 | Orc:1    | Reached skill level 1 in Armour
 15063 | Orc:1    | Reached skill level 2 in Armour
 15104 | Orc:2    | Entered Level 2 of the Orcish Mines
 15188 | Orc:2    | Noticed Maud
 15263 | D:10     | Entered Level 10 of the Dungeon
 15365 | D:10     | Reached XP level 14. HP: 82/82 MP: 24/24
 16300 | D:11     | Noticed Grum
 16337 | D:11     | Killed Grum
 16951 | D:12     | Reached skill level 14 in Dodging
 16971 | D:12     | Noticed Nessos
 16975 | D:12     | Killed Nessos
 16976 | D:12     | Noticed Rupert
 16986 | D:12     | Killed Rupert
 17115 | D:12     | Found Xutteisoe's Jewellery Shop.
 17123 | D:12     | Bought the ring of Levity {rElec rF++ Int+2 SInv Stlth+} for 688 gold pieces
 17169 | D:11     | Reached skill level 14 in Evocations
 17470 | D:12     | Found a runed door.
 17512 | D:12     | Found a runed door.
 17663 | D:12     | Reached skill level 13 in Unarmed Combat
 18188 | Orc:2    | Noticed Azrael
 18240 | Orc:2    | Killed Maud
 18410 | Orc:2    | Found a staircase to the Elven Halls.
 18475 | Orc:2    | Reached skill level 13 in Fighting
 18648 | Orc:2    | Reached XP level 15. HP: 87/89 MP: 25/25
 18736 | Orc:2    | Found Niluriun's Weapon Boutique.
 18736 | Orc:2    | Found Oquemioh's Jewellery Shoppe.
 18737 | Orc:2    | Found Sali's General Store.
 18737 | Orc:2    | Found Sonnoboc's Antique Weapon Shop.
 18857 | Orc:2    | Bought a potion of curing for 54 gold pieces
 19047 | D:12     | Bought an uncursed ring of protection from magic for 300 gold pieces
 19475 | D:13     | Reached skill level 15 in Dodging
 20141 | Lair:6   | Noticed Snorg
 20148 | Lair:6   | Killed Snorg
 20203 | Lair:6   | Found a hole to the Spider Nest.
 20420 | Lair:6   | Upgraded the game from 0.18-a0-1323-g706dcef to 0.18-a0-1343-g48c8f86
 20442 | Lair:6   | Reached skill level 15 in Evocations
 20829 | Lair:7   | Reached ****** piety under Ashenzari
 20888 | Lair:6   | Gained mutation: Your flesh is heat resistant. [potion of beneficial mutation]
 20990 | Lair:7   | Found a viscous altar of Jiyva.
 20994 | Lair:7   | Found a staircase to the Slime Pits.
 21119 | Lair:7   | Reached skill level 14 in Unarmed Combat
 21310 | Lair:7   | Reached skill level 14 in Fighting
 21587 | Lair:8   | Entered Level 8 of the Lair of Beasts
 21899 | Lair:8   | Reached XP level 16. HP: 95/95 MP: 27/27
 22352 | Lair:8   | Reached skill level 16 in Dodging
 23502 | Spider:1 | Entered Level 1 of the Spider Nest
 23639 | Spider:1 | Identified a jumping spider corpse
 23698 | Spider:1 | Identified a jumping spider corpse
 23715 | Spider:1 | Reached skill level 16 in Evocations
 23721 | Spider:1 | Blown up by an orb spider

Vault maps used:
D:1:      saegor_arrival_simple_e, minmay_misc_feat_cross
D:2:      serial_forest, infiniplex_forest_lined_3_way, infiniplex_forest_end_2,
          infiniplex_forest_clump_cross, infiniplex_forest_straight_4,
          infiniplex_forest_side_room, infiniplex_forest_straight_2,
          infiniplex_forest_straight_3, lightli_corner_chamber
D:3:      nicolae_ashenzari_panopticon, first_bread,
          minmay_misc_feat_four_crosses
D:5:      lemuel_blue_sif_altar, nicolae_ru_awakened_eye
D:6:      minmay_temple_entry_junction, minivault_11, trog_three_pillars_becter
D:8:      nicolae_dithmenos_the_darkroom, nicolae_overflow_hidden_temple,
          serial_shops, shop, grunt_pizzeria, uniq_erica, uniq_pikel,
          uniq_erolcha
D:9:      minmay_lair_entry_lava, zombieorc1_lemuel
D:11:     amalloy_card_club, uniq_grum
D:12:     lemuel_troll_bridge, serial_shops, shop, uniq_rupert, uniq_nessos
Lair:1:   grunt_megastairs_4
Lair:2:   kennysheep_rathole
Lair:3:   minmay_swamp_entry_swarm, lemuel_fruit_fields, uniq_gastronok
Lair:4:   lemuel_fruit_tree
Lair:5:   serial_bayou_lagoon_a, st_stairs_7, infiniplex_staircase_pool
Lair:6:   spider_nest_entry_rubble, infiniplex_staircase_pool_2, uniq_snorg
Lair:7:   slime_altar_1, special_room, kennysheep_catoblepas_arena,
          serial_bayou_shore_a
Lair:8:   minmay_lair_end_enchanted_forest
Orc:2:    st_orc_ogre_mass, uniq_maud, uniq_azrael, uniq_maurice

Action                   |  1- 3 |  4- 6 |  7- 9 | 10-12 | 13-15 | 16-18 || total
-------------------------+-------+-------+-------+-------+-------+-------++-------
Melee: Unarmed           |    67 |   141 |   332 |   988 |  1462 |   407 ||  3397
 Fire: Hunting sling     |     4 |    17 |    24 |    53 |   403 |    31 ||   532
       Blowgun           |       |    12 |    24 |    47 |    20 |    17 ||   120
Throw: Tomahawk          |       |       |     3 |       |       |       ||     3
Invok: Curse Item        |       |       |     3 |       |     3 |     1 ||     7
Evoke: Wand              |       |       |     1 |    15 |    24 |     4 ||    44
       Rod               |       |       |       |     2 |    15 |     3 ||    20
       Deck              |       |       |       |       |     4 |       ||     4
  Use: Scroll            |     4 |     6 |     5 |     6 |    13 |     3 ||    37
       Potion            |       |       |     6 |       |     7 |       ||    13
 Stab: Sleeping          |     8 |     9 |     9 |    30 |    31 |     5 ||    92
       Distracted        |       |     1 |     1 |     8 |     3 |     1 ||    14
       Paralysed         |       |       |       |     8 |       |       ||     8
       Invisible         |       |       |       |       |     1 |       ||     1
  Eat: Chunk             |     8 |     8 |    10 |    28 |    40 |     7 ||   101

Table legend:
 A = Turns spent in this place as a percentage of turns spent in the entire game.
 B = Non-inter-level travel turns spent in this place as a percentage of non-inter-level travel turns spent in the entire game.
 C = Inter-level travel turns spent in this place as a percentage of turns spent in this place.
 D = Turns resting spent in this place as a percentage of non-inter-level travel turns spent in this place.
 E = Turns spent auto-exploring this place as a percentage of non-inter-level travel turns spent in this place.
 F = Non-inter-level travel turns spent in this place divided by the number of levels of this place that you've seen.
                   A       B       C       D       E      F
               +-------+-------+-------+-------+-------+----------------------
         Total | 100.0 | 100.0 |   0.5 |   0.2 |   0.0 | 769.3
       Dungeon |  51.8 |  51.8 |   0.6 |   0.2 |   0.1 | 735.7
          Lair |  40.1 |  40.1 |   0.5 |   0.1 |   0.0 | 925.0
   Spider Nest |   1.2 |   1.2 |   0.0 |   0.0 |   0.0 | 217.0
  Orcish Mines |   6.9 |   6.9 |   0.4 |   0.5 |   0.0 | 641.5
               +-------+-------+-------+-------+-------+----------------------

Table legend:
 A = Kills in this place as a percentage of kills in entire the game.
 B = Kills by you in this place as a percentage of kills by you in the entire game.
 C = Kills by friends in this place as a percentage of kills by friends in the entire game.
 D = Other kills in this place as a percentage of other kills in the entire game.
 E = Experience gained in this place as a percentage of experience gained in the entire game.
 F = Experience gained in this place divided by the number of levels of this place that you have seen.
                   A       B       C       D       E      F
               +-------+-------+-------+-------+-------+----------------------
         Total | 100.0 | 100.0 |  -nan |  -nan | 100.0 | 5312.8
       Dungeon |  47.2 |  47.2 |  -nan |  -nan |  27.3 | 2682.0
          Lair |  40.3 |  40.3 |  -nan |  -nan |  58.1 | 9258.9
   Spider Nest |   1.0 |   1.0 |  -nan |  -nan |   2.8 | 3523.0
  Orcish Mines |  11.4 |  11.4 |  -nan |  -nan |  11.8 | 7523.5
               +-------+-------+-------+-------+-------+----------------------

Vault maps used:
D:1:      saegor_arrival_simple_e, minmay_misc_feat_cross
D:2:      serial_forest, infiniplex_forest_lined_3_way, infiniplex_forest_end_2,
          infiniplex_forest_clump_cross, infiniplex_forest_straight_4,
          infiniplex_forest_side_room, infiniplex_forest_straight_2,
          infiniplex_forest_straight_3, lightli_corner_chamber
D:3:      nicolae_ashenzari_panopticon, first_bread,
          minmay_misc_feat_four_crosses
D:5:      lemuel_blue_sif_altar, nicolae_ru_awakened_eye
D:6:      minmay_temple_entry_junction, minivault_11, trog_three_pillars_becter
D:8:      nicolae_dithmenos_the_darkroom, nicolae_overflow_hidden_temple,
          serial_shops, shop, grunt_pizzeria, uniq_erica, uniq_pikel,
          uniq_erolcha
D:9:      minmay_lair_entry_lava, zombieorc1_lemuel
D:11:     amalloy_card_club, uniq_grum
D:12:     lemuel_troll_bridge, serial_shops, shop, uniq_rupert, uniq_nessos
Lair:1:   grunt_megastairs_4
Lair:2:   kennysheep_rathole
Lair:3:   minmay_swamp_entry_swarm, lemuel_fruit_fields, uniq_gastronok
Lair:4:   lemuel_fruit_tree
Lair:5:   serial_bayou_lagoon_a, st_stairs_7, infiniplex_staircase_pool
Lair:6:   spider_nest_entry_rubble, infiniplex_staircase_pool_2, uniq_snorg
Lair:7:   slime_altar_1, special_room, kennysheep_catoblepas_arena,
          serial_bayou_shore_a
Lair:8:   minmay_lair_end_enchanted_forest
Orc:2:    st_orc_ogre_mass, uniq_maud, uniq_azrael, uniq_maurice
